 Dungeon Crawl Stone Soup version 0.28-a0-751-gef3a642a4e (webtiles) character file.

Game seed: 6835208414079772223

1145 lawman0 the Covert (level 8, -9/64 HPs)
             Began as a Gnoll Brigand on Oct 30, 2021.
             Was a Priest of Zin.
             Succumbed to a water moccasin's poison
             ... on level 6 of the Dungeon.
             The game lasted 00:10:05 (6975 turns).

lawman0 the Covert (Gnoll Brigand)                  Turns: 6975, Time: 00:10:05

Health: -9/64      AC: 10    Str: 11    XL:     8   Next: 37%
Magic:  12/12      EV: 11    Int: 12    God:    Zin [***...]
Gold:   203        SH:  0    Dex: 14    Spells: 13/13 levels left

rFire   . . .      SeeInvis .   b - +0 long sword
rCold   . . .      Faith    .   (no shield)
rNeg    . . .      Spirit   .   g - +4 ring mail
rPois   .          Reflect  .   f - +0 hat
rElec   .          Harm     .   c - +0 cloak
rCorr   .          Rampage  .   (no gloves)
Will    .....                   (no boots)
Stlth   +++.......              (no amulet)
HPRegen 0.20/turn               (no ring)
MPRegen 0.13/turn               (no ring)

@: lethally poisoned (-9 -> -43)
A: fangs 1, strong nose, distributed training
a: Renounce Religion, Recite, Vitalisation, Imprison, Donate Gold


You were on level 6 of the Dungeon.
You worshipped Zin.
Zin was most pleased with you.
You visited 1 branch of the dungeon, and saw 6 of its levels.

You collected 230 gold pieces.
You donated 27 gold pieces to Zin.

Inventory:

Hand Weapons
 a - a +2 dagger
 b - a +0 long sword (weapon)
Missiles
 d - 15 poisoned darts
 e - 8 curare-tipped darts
 p - 8 sling bullets
 v - 6 boomerangs (quivered)
Armour
 c - a +0 cloak (worn)
 f - a +0 hat (worn)
 g - a +4 ring mail (worn)
Jewellery
 u - a ring of wizardry
Wands
 t - a wand of flame (16)
Scrolls
 i - 2 scrolls of enchant weapon
 j - 3 scrolls of teleportation
 l - a scroll of amnesia
 n - 2 scrolls of enchant armour {unknown}
 o - a scroll of vulnerability {unknown}
 q - a scroll of torment {unknown}
 r - a scroll of silence {unknown}
 s - a scroll of fear
 w - a scroll of noise {unknown}
 x - a scroll of identify
Potions
 k - a potion of curing {unknown}
 m - a potion of haste


   Skills:
 + Level 5.6 Fighting
 + Level 5.6 Short Blades
 + Level 3.2 Long Blades
 + Level 3.2 Axes
 + Level 3.2 Maces & Flails
 + Level 3.2 Polearms
 + Level 3.2 Staves
 + Level 3.2 Slings
 + Level 3.2 Bows
 + Level 3.2 Crossbows
 + Level 5.6 Throwing
 + Level 3.2 Armour
 + Level 4.1 Dodging
 + Level 8.5 Stealth
 + Level 3.2 Shields
 + Level 3.2 Unarmed Combat
 + Level 3.2 Spellcasting
 + Level 2.6 Conjurations
 + Level 2.6 Hexes
 + Level 2.6 Summonings
 + Level 2.6 Necromancy
 + Level 2.6 Translocations
 + Level 2.6 Transmutations
 + Level 2.6 Fire Magic
 + Level 2.6 Ice Magic
 + Level 2.6 Air Magic
 + Level 2.6 Earth Magic
 + Level 2.6 Poison Magic
 + Level 3.5 Invocations
 + Level 3.2 Evocations


You had 13 spell levels left.
You didn't know any spells.
Your spell library was empty.

Dungeon Overview and Level Annotations

Branches:
Dungeon (6/15)
 Temple: D:4-7

Altars:
Elyvilon
Kikubaaqudgha
Trog
Vehumet
Xom
Zin
Beogh

Annotations:
D:5 3 runed translucent doors, Demosthentine's ghost, novice VSCK
D:6 Menkaure


Innate Abilities, Weirdness & Mutations

You have very sharp teeth.
Your uncanny sense of smell can sniff out nearby items.
Your experience applies equally to all skills.


Message History

The hound barely misses you.
Unknown command.
You barely miss the scorpion.
The scorpion is moderately wounded.
The water moccasin bites you but does no damage.
Menkaure completely misses you. The scorpion stings you.
* * * LOW HITPOINT WARNING * * *
You are poisoned.
The scorpion poisons you! The hound bites you but does no damage.
The water moccasin bites you but does no damage.
Menkaure barely misses you. The scorpion barely misses you.
The hound bites you.
* * * LOW HITPOINT WARNING * * *
You feel sick. The scorpion barely misses you.
Unknown command.
You feel sick. The hound bites you but does no damage.
The scorpion closely misses you.
Menkaure's ankle releases a plume of dust as he confides, "I'm not really a mummy, you know."
The water moccasin bites you.
* * * LOW HITPOINT WARNING * * *
You are lethally poisoned!
The water moccasin poisons you!
Unknown command.
You hit the hound. Your bite misses the hound.
The hound is almost dead.
* * * LOW HITPOINT WARNING * * *
You feel very sick. The hound bites you.
* * * LOW HITPOINT WARNING * * *
The scorpion stings you but does no damage.
The water moccasin barely misses you. The hound closely misses you.
The scorpion stings you but does no damage.
The water moccasin bites you. Zin protects you from harm!
You are more poisoned.
The water moccasin poisons you!
Unknown command.
You hit the scorpion.
The scorpion is moderately wounded.
You die...

...............###..##...#.##
#......$......##.###....#..#
##.##............# ##.#....#
..............##..# ###...##
..?...##....!..#..#####..##
......# #......###....#†...##
...... #...M##### #........#
...... ##.hsS...###....#..##
##.... #...@.#......##.####
##. .........##....#####
.......>(.......#
................###
...........#....<.#
..........###....##
..........# ###..#
##......... ####


You could see a water moccasin, Menkaure (fast), a scorpion and a hound.

Vanquished Creatures
  A necrophage (D:5)
  3 ogres
  2 black bears
  A wight (D:5)
  2 bullfrog zombies (D:5)
  A human zombie (D:5)
  A hound (D:5)
  2 orc priests (D:3)
  Jessica (D:2)
  2 iguanas
  A scorpion zombie (D:5)
  Terence (D:2)
  A hound skeleton (D:4)
  5 mummies (D:5)
  A howler monkey zombie (D:5)
  4 gnolls
  6 adders
  An ufetubus (D:5)
  An adder skeleton (D:4)
  A worm (D:3)
  2 dart slugs
  8 orcs
  6 bats
  An endoplasm (D:1)
  5 giant cockroaches
  5 goblins
  6 hobgoblins
  7 jackals
  2 quokkas (D:2)
  7 ball pythons
  4 frilled lizards
  9 kobolds
  7 rats
107 creatures vanquished.

Notes
Turn   | Place    | Note
-------+----------+-------------------------------------------
     0 | D:1      | lawman0 the Gnoll Brigand began the quest for the Orb.
     0 | D:1      | Reached XP level 1. HP: 20/20 MP: 1/1
    22 | D:1      | You fall into a shaft and drop 1 floor!
   256 | D:1      | Reached XP level 2. HP: 26/26 MP: 2/2
   365 | D:1      | Found a faded altar of an unknown god.
   387 | D:1      | Prayed at the altar of an unknown god.
   387 | D:1      | Became a worshipper of Zin the Law-Giver
   387 | D:1      | Reached * piety under Zin
   464 | D:1      | Donated 4 gold pieces to Zin
   808 | D:2      | Reached XP level 3. HP: 18/31 MP: 3/3
   841 | D:2      | Noticed Jessica
   854 | D:2      | Killed Jessica
   855 | D:2      | Reached skill level 1 in Long Blades
   855 | D:2      | Reached skill level 1 in Axes
   855 | D:2      | Reached skill level 1 in Maces & Flails
   855 | D:2      | Reached skill level 1 in Polearms
   855 | D:2      | Reached skill level 1 in Staves
   855 | D:2      | Reached skill level 1 in Slings
   855 | D:2      | Reached skill level 1 in Bows
   855 | D:2      | Reached skill level 1 in Crossbows
   855 | D:2      | Reached skill level 1 in Armour
   855 | D:2      | Reached skill level 1 in Shields
   855 | D:2      | Reached skill level 1 in Unarmed Combat
   855 | D:2      | Reached skill level 1 in Spellcasting
   855 | D:2      | Reached skill level 1 in Invocations
   855 | D:2      | Reached skill level 1 in Evocations
   943 | D:2      | Reached XP level 4. HP: 26/38 MP: 5/5
  1578 | D:2      | Noticed Terence
  1639 | D:2      | HP: 1/57 [Terence (3)]
  1646 | D:2      | Killed Terence
  1647 | D:2      | Reached skill level 1 in Conjurations
  1647 | D:2      | Reached skill level 1 in Hexes
  1647 | D:2      | Reached skill level 1 in Summonings
  1647 | D:2      | Reached skill level 1 in Necromancy
  1647 | D:2      | Reached skill level 1 in Translocations
  1647 | D:2      | Reached skill level 1 in Transmutations
  1647 | D:2      | Reached skill level 1 in Fire Magic
  1647 | D:2      | Reached skill level 1 in Ice Magic
  1647 | D:2      | Reached skill level 1 in Air Magic
  1647 | D:2      | Reached skill level 1 in Earth Magic
  1647 | D:2      | Reached skill level 1 in Poison Magic
  2343 | D:3      | HP: 1/38 [orc priest (3)]
  2349 | D:3      | Reached XP level 5. HP: 2/43 MP: 5/7
  2357 | D:3      | Zin protects you from harm!
  2726 | D:3      | Found a glowing silver altar of Zin.
  2856 | D:3      | Reached ** piety under Zin
  3177 | D:3      | Reached skill level 8 in Stealth
  3629 | D:3      | Reached XP level 6. HP: 31/50 MP: 8/8
  3944 | D:4      | Noticed a black bear
  3969 | D:4      | Killed a black bear
  3970 | D:4      | Reached skill level 5 in Fighting
  3970 | D:4      | Reached skill level 5 in Short Blades
  3970 | D:4      | Reached skill level 5 in Throwing
  4057 | D:4      | Reached XP level 7. HP: 55/56 MP: 10/10
  4410 | D:4      | Found a white marble altar of Elyvilon.
  4994 | D:5      | Entered Level 5 of the Dungeon
  5009 | D:5      | Found a shimmering altar of Xom.
  5288 | D:5      | Found a bloodstained altar of Trog.
  5534 | D:5      | Found a radiant altar of Vehumet.
  5541 | D:5      | Reached *** piety under Zin
  5779 | D:5      | Reached XP level 8. HP: 15/61 MP: 12/12
  6091 | D:5      | Found an ancient bone altar of Kikubaaqudgha.
  6444 | D:5      | Found a runed translucent gate.
  6445 | D:5      | Found a runed translucent gate.
  6446 | D:5      | Found a runed translucent gate.
  6448 | D:5      | Noticed Demosthentine's ghost (novice VSCK)
  6448 | D:5      | Identified the +9 short sword "Ivvonaeloa" {protect, rPois
                  | Str-5 Dex+5 Stlth+}
  6953 | D:6      | Noticed Menkaure
  6974 | D:6      | HP: 1/64 [hound (4)]
  6974 | D:6      | Zin protects you from harm!
  6975 | D:6      | Succumbed to a water moccasin's poison

Illustrated notes

Levels and vault maps discovered:
D:1:      nicolae_arrival_memento_mori, layout_loops_ring,
          ebering_ecumenical_altar_sacrificial
D:2:      layout_basic, minmay_misc_feat_nine_boxes, uniq_jessica, uniq_terence
D:3:      layout_basic, zin_statuary, minmay_misc_feat_five
D:4:      layout_layer_cave, nicolae_overflow_crystal_walls,
          hangedman_decor_growths
D:5:      layout_basic, xom_teletrap_fun, lemuel_mausoleum_altar_kikubaaqudgha,
          mainiacjoe_overflow_cross_hatched, vehumet_altar_wand_db,
          biasface_ghost_orc_armoury
D:6:      layout_cave_pools, uniq_menkaure

Skill      XL: |  1  2  3  4  5  6  7  8 |
---------------+-------------------------+-----
Long Blades    | 1 2 3 |  3.2
Axes           | 1 2 3 |  3.2
Maces & Flails | 1 2 3 |  3.2
Polearms       | 1 2 3 |  3.2
Staves         | 1 2 3 |  3.2
Slings         | 1 2 3 |  3.2
Bows           | 1 2 3 |  3.2
Crossbows      | 1 2 3 |  3.2
Armour         | 1 2 3 |  3.2
Shields        | 1 2 3 |  3.2
Unarmed Combat | 1 2 3 |  3.2
Spellcasting   | 1 2 3 |  3.2
Invocations    | 1 2 3 |  3.5
Evocations     | 1 2 3 |  3.2
Conjurations   | 1 2 |  2.6
Hexes          | 1 2 |  2.6
Summonings     | 1 2 |  2.6
Necromancy     | 1 2 |  2.6
Translocations | 1 2 |  2.6
Transmutations | 1 2 |  2.6
Fire Magic     | 1 2 |  2.6
Ice Magic      | 1 2 |  2.6
Air Magic      | 1 2 |  2.6
Earth Magic    | 1 2 |  2.6
Poison Magic   | 1 2 |  2.6
Dodging        | 3 4 |  4.1
Stealth        | 8 |  8.5
Fighting       | 5 |  5.6
Short Blades   | 5 |  5.6
Throwing       | 5 |  5.6

Action                   |  1- 3 |  4- 6 |  7- 9 || total
-------------------------+-------+-------+-------++-------
Melee: Dagger            |    51 |   265 |   100 ||   416
       Bite              |       |    17 |    22 ||    39
       Punch             |       |     2 |     3 ||     5
       Long sword        |       |       |    71 ||    71
Throw: Dart              |     5 |    22 |    26 ||    53
Invok: Donate Gold       |     1 |       |       ||     1
       Recite            |     1 |    11 |    12 ||    24
Evoke: Wand              |       |       |     1 ||     1
  Use: Scroll            |       |     3 |     1 ||     4
       Potion            |       |     3 |     1 ||     4
 Stab: Sleeping          |     9 |     6 |     3 ||    18
       Distracted        |       |       |     1 ||     1
Armor: Robe              |    16 |    14 |       ||    30
       Skin              |       |    16 |       ||    16
       Ring mail         |       |    61 |    74 ||   135
Dodge: Dodged            |    27 |   105 |   129 ||   261

Table legend: (Time is in decaauts)
 A = Elapsed time spent in this place.
 B = Non-inter-level travel time spent in this place.
 C = Inter-level travel time spent in this place.
 D = Time resting spent in this place.
 E = Time spent auto-exploring this place.
 F = Levels seen in this place.
 G = Mean time per level.
                   A        B        C        D        E       F      G
               +--------+--------+--------+--------+--------+-----+--------+
         Total |   6886 |   6720 |    166 |    787 |   4738 |   6 | 1147.7 |
       Dungeon |   6886 |   6720 |    166 |    787 |   4738 |   6 | 1147.7 |
               +--------+--------+--------+--------+--------+-----+--------+

Top non-repeatable levels by time:
     D:5: 1858 daAuts
     D:2: 1676 daAuts
     D:4: 1288 daAuts
     D:3: 1170 daAuts
     D:1: 780 daAuts
     D:6: 110 daAuts
